 Dungeon Crawl Stone Soup version 0.17-a0-1409-ge6d9485 (webtiles) character file.

58 twigmaester the Sneak (level 3, -2/17 HPs)
             Began as a Spriggan Enchanter on June 22, 2015.
             Slain by a giant gecko (3 damage)
             ... on level 2 of the Dungeon.
             The game lasted 00:05:00 (1423 turns).

twigmaester the Sneak (Spriggan Enchanter)          Turns: 1423, Time: 00:05:00

Health: -2/17      AC:  3    Str:  4    XL:     3   Next: 76%
Magic:  7/8        EV: 18    Int: 16    God:
Gold:   64         SH:  0    Dex: 17    Spells: 2 memorised, 4 levels left

rFire  . . .     SeeInvis +     a - +1 dagger
rCold  . . .     Clarity  .     b - +1 robe
rNeg   . . .     SustAt   .     (shield restricted)
rPois  .         Gourm    .     (helmet restricted)
rElec  .         Spirit   .     (no cloak)
rCorr  .         Warding  .     (gloves unavailable)
rMut   .         Stasis   .     (boots unavailable)
MR     .....                    (no amulet)
Stlth  ++++......               (no ring)
                                (no ring)

@: very quick, not resistant to hostile enchantments, stealthy
A: unfitting armour, see invisible, herbivore 3, speed 3, slow metabolism 2
a: no special abilities


You were on level 2 of the Dungeon.
You were not hungry.

You visited 1 branch of the dungeon, and saw 2 of its levels.

You collected 64 gold pieces.

Inventory:

Hand weapons
 a - a +1 dagger (weapon)
Armour
 b - a +1 robe (worn)
Scrolls
 e - 2 scrolls of remove curse {unknown}
 f - a scroll of noise {unknown}
 g - a scroll of random uselessness {unknown}
 h - a scroll of identify {unknown}
Books
 c - a book of Maledictions

   Spells                             Type                      Level
   a - Corona                         Hexes                        1
   b - Ensorcelled Hibernation        Hexes/Ice                    2
   c - Confuse                        Hexes                        3
   d - Tukima's Dance                 Hexes                        3
   e - Dazzling Spray                 Conjuration/Hexes            3
Comestibles
 d - 2 bread rations


   Skills:
 + Level 0.4 Fighting
 - Level 1.1 Short Blades
 - Level 3.0 Dodging
 + Level 7.1 Stealth
 - Level 2.6 Spellcasting
 - Level 3.6 Hexes


You had 4 spell levels left.
You knew the following spells:

 Your Spells              Type           Power        Failure   Level  Hunger
a - Corona                Hex            ##.....      6%          1    #......
b - Ensorcelled Hibernat  Hex/Ice        #.....       17%         2    ##.....


Dungeon Overview and Level Annotations

Branches:
Dungeon (2/15)

Altars:


Innate Abilities, Weirdness & Mutations

You are tiny and cannot use many weapons and most armour.
You have supernaturally acute eyesight.
You are a herbivore.
You cover ground extremely quickly.
You need consume almost no food.


Message History

You hit the giant cockroach.
You kill the giant cockroach!
The giant gecko bites you. The giant gecko barely misses you.
You miss the giant gecko. The giant gecko barely misses you.
You miss the giant gecko. The giant gecko misses you.
You hit the giant gecko.
The giant gecko is heavily wounded.
The giant gecko barely misses you. The giant gecko completely misses you.
You hit the giant gecko.
The giant gecko is severely wounded.
The giant gecko closely misses you.
You closely miss the giant gecko.
The giant gecko is severely wounded.
The giant gecko bites you.
* * * LOW HITPOINT WARNING * * *
You closely miss the giant gecko.
The giant gecko is severely wounded.
The giant gecko bites you.
You die...

................##$.
...<........8......
....###....8.8...#
...## ##..8._.8..#
<..# #...8.8...#
...# #....8....###
#### ##?.........###
##...........#
##....l@..#...
#........#
###....### #....#
#....# ######


You could see a giant gecko.

Vanquished Creatures
  2 adders (D:2)
  A giant gecko (D:1)
  A giant cockroach (D:2)
  7 hobgoblins
  3 jackals (D:1)
  A ball python (D:1)
  A bat (D:1)
  6 giant newts
  6 goblins
  5 kobolds
  7 rats
40 creatures vanquished.

Notes
Turn   | Place    | Note
--------------------------------------------------------------
     0 | D:1      | twigmaester the Spriggan Enchanter began the quest for the Orb.
     0 | D:1      | Reached XP level 1. HP: 9/9 MP: 5/5
     6 | D:1      | Noticed a black bear
     6 | D:1      | Noticed a wyvern
     7 | D:1      | Noticed a black mamba
     7 | D:1      | Noticed a hound
   307 | D:1      | Reached skill level 5 in Stealth
   403 | D:1      | Reached XP level 2. HP: 5/13 MP: 6/6
   407 | D:1      | Learned a level 2 spell: Ensorcelled Hibernation
   943 | D:1      | Reached skill level 6 in Stealth
  1171 | D:1      | Reached XP level 3. HP: 16/16 MP: 8/8
  1356 | D:2      | Reached skill level 7 in Stealth
  1388 | D:2      | Found a faded altar to an unknown god.
  1423 | D:2      | Slain by a giant gecko

Vault maps used:
D:1:      onia_arrival_zoo_common
D:2:      ecumenical_altar_2

Action                   || total
-------------------------++-------
Melee: Dagger            ||   123
 Cast: Ensorcelled Hiber ||     2
 Stab: Sleeping          ||    14
       Distracted        ||     1
